 Dungeon Crawl Stone Soup version 0.26-b1-25-gafae2e710b (webtiles) character file.

Game seed: 14898184434830287193

170 oldmanjim the Chopper (level 5, -6/48 HPs)
             Began as a Hill Orc Monk on Jan 2, 2021.
             Killed by nerve-wracking pain
             ... invoked by an orc priest
              (7 damage)
             ... on level 4 of the Dungeon on Jan 3, 2021.
             The game lasted 00:33:42 (3531 turns).

oldmanjim the Chopper (Hill Orc Monk)               Turns: 3531, Time: 00:33:42

Health: -6/48      AC:  9    Str: 15    XL:     5   Next: 50%
Magic:  5/5        EV:  7    Int: 10    God:
Gold:   210        SH:  0    Dex: 13    Spells: 4/4 levels left

rFire    . . .     SeeInvis .   o - +1 spear (vorpal)
rCold    . . .     Faith    .   (no shield)
rNeg     . . .     Spirit   .   i - +0 chain mail
rPois    .         Reflect  .   (no helmet)
rElec    .         Harm     .   (no cloak)
rCorr    .         Rampage  .   y - +0 pair of gloves
Will     .....                  (no boots)
Stlth    ..........             (no amulet)
HPRegen  0.16/turn              (no ring)
MPRegen  0.09/turn              (no ring)

@: no status effects
A: no striking features
a: Convert to Beogh


You were on level 4 of the Dungeon.
You visited 1 branch of the dungeon, and saw 4 of its levels.

You collected 210 gold pieces.

Inventory:

Hand Weapons
 a - a +0 hand axe
 h - a +3 mace
 o - a +1 vorpal spear (weapon)
Missiles
 c - 25 poisoned darts (quivered)
 e - 57 stones
 s - 10 sling bullets
Armour
 b - a +0 robe
 f - a +0 ring mail
 i - a +0 chain mail (worn)
 y - a +0 pair of gloves (worn)
Jewellery
 q - an uncursed ring of poison resistance {unknown}
 t - a cursed -4 ring of protection {unknown}
Wands
 w - a wand of flame (11)
Scrolls
 g - 3 scrolls of enchant weapon {unknown}
 j - 2 scrolls of fear {unknown}
 l - 3 scrolls of remove curse {unknown}
 m - 4 scrolls of teleportation {unknown}
 r - a scroll of magic mapping {unknown}
 u - 4 scrolls of identify {unknown}
 v - a scroll of enchant armour {unknown}
 x - 2 scrolls of blinking {unknown}
Potions
 d - a potion of ambrosia {unknown}
 k - a potion of flight {unknown}
 n - 2 potions of heal wounds {unknown}
 p - 2 potions of degeneration {unknown}


   Skills:
 + Level 5.4 Fighting
 + Level 5.9 Axes
 + Level 2.0 Armour
 - Level 2.4 Dodging
 - Level 1.5 Stealth


You had 4 spell levels left.
You didn't know any spells.
Your spell library was empty.

Dungeon Overview and Level Annotations

Branches:
Dungeon (4/15)
 Temple: D:4-7

Altars:
Gozag
Nemelex Xobeh
Ru
Wu Jian
Yredelemnul


Message History

The orc priest is lightly wounded.
The orc priest barely misses you.
The orc priest hits you but does no damage.
You hit the orc priest.
The orc priest is moderately wounded.
The orc priest hits you but does no damage. x2
You closely miss the orc priest.
The orc priest is moderately wounded.
The orc priest shouts, "Join the one true god or die!"
The orc priest hits you with a +2 vorpal mace.
* * * LOW HITPOINT WARNING * * *
x2 The orc priest hits you but does no damage.
Your chain mail prevents you from hitting the orc priest.
The orc priest is moderately wounded.
You hit the orc priest but do no damage.
The orc priest is moderately wounded.
The orc priest hits you but does no damage.
The orc priest mumbles some strange prayers to Beogh against you.
Pain shoots through your body!
You die...

.......#...........
.......'..............#
.......#..............
.......#.......##....#
.......#.......##....##
#...####.##....##.....#
#...####.##....##.....#
..........#...........#
..........#.....@...$.#
..........#....$oo....#
......... #....##'#####
......... #....#.)....#
......... #....#......#
......... #....+......+
######.. #....#......#
....# #....#......#
....# .....#......#


You could see 2 orc priests.

Vanquished Creatures
  Ijyb (D:4)
  Robin (D:3)
  4 gnolls (D:2)
  An adder (D:2)
  An ooze (D:1)
  2 dart slugs (D:1)
  3 leopard geckos
  2 orcs
  8 bats
  4 giant cockroaches
  12 goblins
  12 hobgoblins
  2 jackals (D:1)
  A quokka (D:3)
  2 ball pythons
  2 frilled lizards (D:1)
  6 kobolds
  4 rats
  2 bushes (D:1)
70 creatures vanquished.

Vanquished Creatures (others)
  4 plants (D:1)
4 creatures vanquished.

Grand Total: 74 creatures vanquished

Notes
Turn   | Place    | Note
-------+----------+-------------------------------------------
     0 | D:1      | oldmanjim the Hill Orc Monk began the quest for the Orb.
     0 | D:1      | Reached XP level 1. HP: 19/19 MP: 1/1
   200 | D:1      | Reached XP level 2. HP: 25/27 MP: 2/2
   706 | D:1      | Reached XP level 3. HP: 34/34 MP: 3/3
   960 | D:1      | Reached skill level 5 in Axes
  1723 | D:2      | Found a sacrificial altar of Ru.
  2006 | D:2      | Reached XP level 4. HP: 31/41 MP: 4/4
  2114 | D:2      | Reached skill level 5 in Fighting
  2295 | D:2      | Found an ornate altar of the Wu Jian Council.
  2309 | D:2      | Reached skill level 1 in Armour
  2803 | D:3      | Found a basalt altar of Yredelemnul.
  2928 | D:3      | Reached XP level 5. HP: 48/48 MP: 5/5
  2961 | D:3      | Noticed Robin
  2977 | D:3      | Killed Robin
  3375 | D:3      | Found a sparkling altar of Nemelex Xobeh.
  3376 | D:3      | Found an opulent altar of Gozag.
  3418 | D:4      | Noticed Ijyb
  3485 | D:4      | Killed Ijyb
  3529 | D:4      | HP: 2/48 [orc priest/+2 vorpal mace (2)]
  3531 | D:4      | Killed from afar by an orc priest

Illustrated notes

Levels and vault maps discovered:
D:1:      wander_arrival_lonely_grave, layout_rooms, serial_forest,
          infiniplex_forest_clump_diagonal, infiniplex_forest_straight_4,
          infiniplex_forest_clump_small, infiniplex_forest_lined_room_,
          infiniplex_forest_end_2
D:2:      layout_loops_ring, lemuel_round_altar, old_standard_altar,
          guppyfry_early_lair_pool
D:3:      layout_loops_ring, grunt_temple_overflow_opulence,
          lemuel_crystal_altar, uniq_robin
D:4:      layout_gridville, serial_forest, infiniplex_forest_clump_diagonal,
          infiniplex_forest_straight_3, infiniplex_forest_side_room,
          infiniplex_forest_zigzag_1, infiniplex_forest_3_way,
          infiniplex_forest_lined_4_way, enter_ossuary_5, lemuel_statue_altar,
          uniq_crazy_yiuf_cottage, uniq_ijyb, uniq_purgy, uniq_blork_the_orc

Skill      XL: |  1  2  3  4  5 |
---------------+----------------+-----
Fighting       | 4 5 |  5.4
Axes           | 5 |  5.9
Armour         | 1 2 |  2.0
Dodging        | |  2.4
Stealth        | |  1.5

Action                   |  1- 3 |  4- 6 || total
-------------------------+-------+-------++-------
Melee: Hand axe          |   316 |    18 ||   334
       Spear             |       |   138 ||   138
Throw: Dart              |    15 |    14 ||    29
 Stab: Sleeping          |     1 |       ||     1
Armor: Robe              |    42 |       ||    42
       Chain mail        |    27 |    69 ||    96
Dodge: Dodged            |   123 |    53 ||   176
